 Dungeon Crawl Stone Soup version 0.23.1 (console) character file.

Game seed: 14503794315350268420

49 fly the Firebug (level 3, 0/31 HPs)
             Began as an Ogre Fire Elementalist on Mar 14, 2019.
             Slain by Terence
             ... wielding a +0 falchion of draining
              (1 damage)
             ... on level 1 of the Dungeon.
             The game lasted 00:02:11 (1354 turns).

fly the Firebug (Ogre Fire Elementalist)            Turns: 1354, Time: 00:02:12

Health: 0/31       AC:  3    Str: 12    XL:     3   Next: 75%
Magic:  7/7        EV:  9    Int: 16    God:
Gold:   89         SH:  0    Dex: 10    Spells: 1/8 levels left

rFire    . . .     SeeInvis .   (no weapon)
rCold    . . .     Gourm    .   (no shield)
rNeg     . . .     Faith    .   y - +0 robe
rPois    .         Spirit   .   (helmet restricted)
rElec    .         Reflect  .   (no cloak)
rCorr    .         Harm     .   (gloves unavailable)
MR       .....                  (boots unavailable)
Stlth    +.........             (no amulet)
HPRegen  0.10/turn              (no ring)
MPRegen  0.10/turn              (no ring)

@: confused, about to teleport, flying, heavily drained
A: large, unfitting armour, tough skin 1
a: no special abilities


You were on level 1 of the Dungeon.
You were very hungry.

You visited 1 branch of the dungeon, and saw 2 of its levels.

You collected 89 gold pieces.

Inventory:

Armour
 y - a +0 robe (worn)
Scrolls
 a - a scroll of magic mapping {unknown}
 b - 2 scrolls of identify
 d - a scroll of teleportation
 e - a scroll of remove curse {unknown}
 g - a scroll of immolation {unknown}
Comestibles
 c - 2 rations


   Skills:
 + Level 2.4(0.6) Dodging
 - Level 1.4(0.0) Stealth
 - Level 3.0(1.1) Spellcasting
 + Level 1.8(0.1) Conjurations
 - Level 3.0(1.1) Fire Magic


You had one spell level left.
You knew the following spells:

 Your Spells              Type           Power        Failure   Level  Hunger
c - Conjure Flame         Conj/Fire      #.......     45%         3    ####...
n - Inner Flame           Hex/Fire       #.......     47%         3    ####...
z - Flame Tongue          Conj/Fire      #....        17%         1    ##.....

Your spell library contained the following spells:

 Spells                   Type           Power        Failure   Level  Hunger
 Throw Flame              Conj/Fire      #.....       26%         2    ###....
 Sticky Flame             Conj/Fire      #.......     86%         4    #####..
 Fireball                 Conj/Fire      #.........   99%         5    ######.


Dungeon Overview and Level Annotations

Branches:
Dungeon (2/15)

Altars:

Annotations:
D:1 Terence
D:2 Natasha


Innate Abilities, Weirdness & Mutations

You are too large for most types of armour.
You have tough skin. (AC +1)


Message History

Aiming: Flame Tongue (safe; 13% risk of failure)
Press: ? - help, Shift-Dir - straight line, f/p - Terence
Aim: Terence, wielding a +0 falchion of draining and wearing a +0 chain mail The flame tongue hits Terence.
Terence is lightly wounded.
The goblin barely misses you.
Terence hits you with a +0 falchion of draining!
* * * LOW HITPOINT WARNING * * *
You feel drained.
* * * LOW HITPOINT WARNING * * *
It was a potion of flight.
You feel very buoyant.
You fly up into the air.
The goblin barely misses you.
It was a potion of ambrosia.
You are confused.
You feel invigorated.
Terence hits you with a +0 falchion of draining.
* * * LOW HITPOINT WARNING * * *
You feel drained.
You die...

#.# #....##....(....... #.#
#.##.##.#.##....... ###########.#
#.##.####.##.######
............###.##.##............
...........................#...#.
################.#.#########.....
....................#(.((........
################@#..#.#####..)#..
#@#..#.#...###....
#g#..#.#.>.'.###..
#.#..#.#...#.#.###
#.#..#.#...#....##
#.#..#.#####'#....
#.#..#....#.......
#.#..#....'..#....
#.####....#.......
#....#.#####'#..#.


You could see Terence and a goblin.

Vanquished Creatures
  An adder (D:2)
  A dart slug (D:1)
  3 leopard geckos (D:1)
  2 bats
  2 giant cockroaches (D:1)
  5 goblins
  2 hobgoblins
  3 jackals (D:1)
  7 kobolds (D:1)
  3 frilled lizards (D:1)
  3 rats (D:1)
32 creatures vanquished.

Notes
Turn   | Place    | Note
-------+----------+-------------------------------------------
     0 | D:1      | fly the Ogre Fire Elementalist began the quest for the Orb.
     0 | D:1      | Reached XP level 1. HP: 16/16 MP: 3/3
    31 | D:2      | Reached skill level 1 in Conjurations
   135 | D:2      | Reached XP level 2. HP: 23/24 MP: 1/5
   380 | D:1      | Reached XP level 3. HP: 31/31 MP: 4/7
   403 | D:1      | Learned a level 3 spell: Conjure Flame
   407 | D:1      | Learned a level 3 spell: Inner Flame
  1346 | D:2      | Noticed Terence
  1346 | D:2      | Noticed Natasha
  1352 | D:1      | HP: 1/31 [Terence/+0 falchion of draining (1)]
  1354 | D:1      | Slain by Terence

Skill      XL: |  1  2  3 |
---------------+----------+-----
Conjurations   | 1 |  1.8
Dodging        | 2 |  2.4
Fire Magic     | 3 |  3.0
Spellcasting   | 3 |  3.0
Stealth        | |  1.4

Action                   || total
-------------------------++-------
Melee: Unarmed           ||    33
 Cast: Flame Tongue      ||    49
  Use: Scroll            ||     2
       Potion            ||     2
Armor: Robe              ||    14
Dodge: Dodged            ||    27
